MID
LAKEWOOD BLUECLAWS @ PEORIA CHIEFS
09/19/2047
 
TOP OF THE 1ST
Lakewood BlueClaws batting - Pitching for Peoria Chiefs : RHP Danny Cook
Pitching: RHP Danny Cook
Batting: LHB Eric Farren 0-0: Ground out U3 (Groundball, 3L, EV 90.0 MPH)
Batting: RHB Vaclav Been 0-0: Called Strike
0-1: Foul Ball, location: 2F
0-2: Ball
1-2: Strikes out looking
Batting: SHB Ben Myers 0-0: Ball
1-0: Fly out, F9 (Flyball, 89M, EV 94.4 MPH)
Top of the 1st over - 0 runs, 0 hits, 0 errors, 0 left on base; Lakewood 0 - Peoria 0
BOTTOM OF THE 1ST
Peoria Chiefs batting - Pitching for Lakewood BlueClaws : RHP Omar Pineda
Pitching: RHP Omar Pineda
Batting: RHB Fekadu Alhaadi 0-0: Ball
1-0: Ball
2-0: Ball
3-0: Base on Balls
Batting: RHB Robby Hickman 0-0: Hit by Pitch
Fekadu Alhaadi to second
Batting: RHB Jose Jimenez 0-0: Ball
1-0: Fly out, F8 (Flyball, 8RM, EV 80.0 MPH)
Batting: LHB Travis Ruppel 0-0: Called Strike
0-1: 3-RUN HOME RUN (Flyball, 9D, EV 102.5 MPH), Distance : 397 ft
Batting: RHB Tommy Boudreaux 0-0: Ball
1-0: Swinging Strike
1-1: Swinging Strike
1-2: Foul Ball, location: 2F
1-2: Ball
2-2: Ball
3-2: Strikes out swinging
Batting: RHB Kalidas Mishra 0-0: Ball
1-0: Foul Ball, location: 2F
1-1: Foul Ball, location: 2F
1-2: Foul Ball, location: 2F
1-2: Foul Ball, location: 2F
1-2: Ball
2-2: Ball
3-2: Foul Ball, location: 2F
3-2: Fly out, F6 (Popup, P, EV 76.2 MPH)
Bottom of the 1st over - 3 runs, 1 hit, 0 errors, 0 left on base; Lakewood 0 - Peoria 3
TOP OF THE 2ND
Lakewood BlueClaws batting - Pitching for Peoria Chiefs : RHP Danny Cook
Batting: LHB Danny Zuniga 0-0: Ball
1-0: Ball
2-0: Called Strike
2-1: Ball
3-1: Ground out 3-1 (Groundball, 34S, EV 81.9 MPH)
Batting: SHB Gabe Fraunfelder 0-0: Ball
1-0: Swinging Strike
1-1: Ball
2-1: Called Strike
2-2: Ball
3-2: Base on Balls
Batting: RHB Allen Gravel 0-0: Called Strike
0-1: Foul Ball, location: 2F
0-2: Ball
1-2: Foul Ball, location: 2F
1-2: Foul Ball, location: 2F
1-2: Ball
Pickoff Throw to First - Out! 1-3
2-2: Strikes out looking
Top of the 2nd over - 0 runs, 0 hits, 0 errors, 0 left on base; Lakewood 0 - Peoria 3
BOTTOM OF THE 2ND
Peoria Chiefs batting - Pitching for Lakewood BlueClaws : RHP Omar Pineda
Batting: RHB Chris Norris 0-0: Ball
1-0: Foul Ball, location: 2F
1-1: Ball
2-1: Called Strike
2-2: Foul Ball, location: 2F
2-2: Strikes out swinging
Batting: RHB Tim Jobe 0-0: Foul Ball, location: 2F
0-1: Swinging Strike
0-2: Ball
1-2: Ball
2-2: Ground out 3-1 (Groundball, 34, EV 100.6 MPH)
Batting: RHB Tim Cleary 0-0: Fly out, F7 (Flyball, 78M, EV 85.0 MPH)
Bottom of the 2nd over - 0 runs, 0 hits, 0 errors, 0 left on base; Lakewood 0 - Peoria 3
TOP OF THE 3RD
Lakewood BlueClaws batting - Pitching for Peoria Chiefs : RHP Danny Cook
Batting: RHB Frank Ramirez 0-0: Foul Ball, location: 2F
0-1: Ball
1-1: Called Strike
1-2: Ball
2-2: Ball
3-2: Strikes out swinging
Batting: RHB Marcus Dawson 0-0: Called Strike
0-1: Ball
1-1: Ball
2-1: Foul Ball, location: 2F
2-2: Foul Ball, location: 2F
2-2: Ball
3-2: Foul Ball, location: 2F
3-2: Foul Ball, location: 2F
3-2: Foul Ball, location: 2F
3-2: Foul Ball, location: 2F
3-2: Strikes out swinging
Batting: RHB Cory Bonham 0-0: Ball
1-0: Called Strike
1-1: Ball
2-1: Swinging Strike
2-2: Strikes out swinging
Top of the 3rd over - 0 runs, 0 hits, 0 errors, 0 left on base; Lakewood 0 - Peoria 3
BOTTOM OF THE 3RD
Peoria Chiefs batting - Pitching for Lakewood BlueClaws : RHP Omar Pineda
Batting: RHB Fekadu Alhaadi 0-0: SINGLE (Groundball, 6MD, EV 101.2 MPH)
Batting: RHB Robby Hickman 0-0: Ball
1-0: Foul Ball, location: 2F
1-1: Called Strike
1-2: Ball
2-2: DOUBLE (Line Drive, 9LM, EV 113.8 MPH)
Fekadu Alhaadi to third
Runner from 3rd tries for Home, throw by RF and OUT! 9-4-2
Batting: RHB Jose Jimenez 0-0: Ball
1-0: Swinging Strike
1-1: Ball
2-1: Ground out 5-3 (Groundball, 56, EV 100.0 MPH)
Batting: LHB Travis Ruppel 0-0: Called Strike
0-1: Ball
1-1: Foul Ball, location: 2F
1-2: Foul Ball, location: 2F
1-2: Strikes out looking
Bottom of the 3rd over - 0 runs, 2 hits, 0 errors, 1 left on base; Lakewood 0 - Peoria 3
TOP OF THE 4TH
Lakewood BlueClaws batting - Pitching for Peoria Chiefs : RHP Danny Cook
Batting: LHB Eric Farren 0-0: Fly out, F4 (Popup, 4, EV 76.9 MPH)
Batting: RHB Vaclav Been 0-0: Called Strike
0-1: Foul Ball, location: 2F
0-2: Ball
1-2: Ground out 5-3 (Groundball, 56S, EV 70.0 MPH)
Batting: SHB Ben Myers 0-0: Fly out, F7 (Flyball, 78M, EV 88.1 MPH)
Top of the 4th over - 0 runs, 0 hits, 0 errors, 0 left on base; Lakewood 0 - Peoria 3
BOTTOM OF THE 4TH
Peoria Chiefs batting - Pitching for Lakewood BlueClaws : RHP Omar Pineda
Batting: RHB Tommy Boudreaux 0-0: Ball
1-0: Called Strike
1-1: DOUBLE (Line Drive, 7LS, EV 114.4 MPH)
Pinch Runner at 2nd Gerardo Macias:
Batting: RHB Kalidas Mishra 0-0: Ball
1-0: Ball
2-0: Foul Ball, location: 2F
2-1: Ball
3-1: Base on Balls
Batting: RHB Chris Norris 0-0: Called Strike
0-1: Swinging Strike
0-2: Ball
1-2: Foul Ball, location: 2F
1-2: Foul Ball, location: 2F
1-2: Foul Ball, location: 2F
1-2: Strikes out looking
Batting: RHB Tim Jobe 0-0: Called Strike
0-1: Ball
Wild Pitch!
Gerardo Macias to third
Kalidas Mishra to second
1-1: Called Strike
1-2: Ball
2-2: Fly out, F8 (Line Drive, 8RM, EV 87.5 MPH)
Runner from 3rd tags up, OUT at HOME! 8-2
Bottom of the 4th over - 0 runs, 1 hit, 0 errors, 1 left on base; Lakewood 0 - Peoria 3
TOP OF THE 5TH
Lakewood BlueClaws batting - Pitching for Peoria Chiefs : RHP Danny Cook
Now in LF: Gerardo Macias
Now in CF: Jose Jimenez
Batting: LHB Danny Zuniga 0-0: Called Strike
0-1: Ball
1-1: Ball
2-1: Called Strike
2-2: Strikes out looking
Batting: SHB Gabe Fraunfelder 0-0: Swinging Strike
0-1: Foul Ball, location: 2F
0-2: Ball
1-2: Foul Ball, location: 2F
1-2: Foul Ball, location: 2F
1-2: Strikes out looking
Batting: RHB Allen Gravel 0-0: Called Strike
0-1: Ball
1-1: Foul Ball, location: 2F
1-2: Ball
2-2: Ball
3-2: Foul Ball, location: 2F
3-2: Foul Ball, location: 2F
3-2: Fly out, F8 (Flyball, 8LD, EV 98.8 MPH)
Top of the 5th over - 0 runs, 0 hits, 0 errors, 0 left on base; Lakewood 0 - Peoria 3
BOTTOM OF THE 5TH
Peoria Chiefs batting - Pitching for Lakewood BlueClaws : RHP Omar Pineda
Batting: RHB Tim Cleary 0-0: Called Strike
0-1: Ground out 5-3 (Groundball, 56, EV 86.9 MPH)
Batting: RHB Fekadu Alhaadi 0-0: Ball
1-0: Called Strike
1-1: Called Strike
1-2: SOLO HOME RUN (Flyball, 89XD, EV 107.5 MPH), Distance : 397 ft
Batting: RHB Robby Hickman 0-0: SINGLE (Groundball, 6D, EV 103.1 MPH)
Batting: RHB Jose Jimenez 0-0: Ball
Robby Hickman is caught stealing 2nd base 2-4
1-0: Foul Ball, location: 2F
1-1: Ball
2-1: Foul Ball, location: 2F
2-2: SINGLE (Groundball, 13, EV 92.5 MPH) (infield hit)
Batting: LHB Travis Ruppel 0-0: Ball
1-0: Ground out 4-3 (Groundball, 4, EV 91.2 MPH)
Bottom of the 5th over - 1 run, 3 hits, 0 errors, 1 left on base; Lakewood 0 - Peoria 4
TOP OF THE 6TH
Lakewood BlueClaws batting - Pitching for Peoria Chiefs : RHP Danny Cook
Batting: RHB Frank Ramirez 0-0: Called Strike
0-1: Called Strike
0-2: Fly out, F8 (Flyball, 89M, EV 91.9 MPH)
Batting: RHB Marcus Dawson 0-0: Called Strike
0-1: Foul Ball, location: 2F
0-2: Ball
1-2: Strikes out looking
Batting: RHB Cory Bonham 0-0: Ball
1-0: Called Strike
1-1: Ball
2-1: Called Strike
2-2: Ball
3-2: DOUBLE (Groundball, 5L, EV 94.4 MPH)
Pitching: RHP Kohsuke Naito
Batting: LHB Eric Farren 0-0: Called Strike
0-1: Foul Ball, location: 2F
0-2: Foul Ball, location: 2F
0-2: Foul Ball, location: 2F
0-2: Foul Ball, location: 2F
0-2: Foul Ball, location: 2F
0-2: Foul Ball, location: 2F
0-2: Foul Ball, location: 2F
0-2: Ball
1-2: Strikes out swinging
Top of the 6th over - 0 runs, 1 hit, 0 errors, 1 left on base; Lakewood 0 - Peoria 4
BOTTOM OF THE 6TH
Peoria Chiefs batting - Pitching for Lakewood BlueClaws : RHP Omar Pineda
Batting: SHB Gerardo Macias 0-0: Foul Ball, location: 2F
0-1: Foul Ball, location: 2F
0-2: Ball
1-2: Foul Ball, location: 2F
1-2: Ball
2-2: Ground out U3 (Groundball, 3, EV 81.9 MPH)
Pitching: RHP Yuichi Nozawa
Batting: RHB Kalidas Mishra 0-0: Ball
1-0: Foul Ball, location: 2F
1-1: SINGLE (Groundball, 56S, EV 68.8 MPH) (infield hit)
Batting: RHB Chris Norris 0-0: Hit by Pitch
Kalidas Mishra to second
Batting: RHB Tim Jobe 0-0: Ball
Kalidas Mishra steals 3rd base
1-0: Foul Ball, location: 2F
1-1: Called Strike
1-2: Ball
2-2: Strikes out swinging
Batting: RHB Tim Cleary 0-0: Foul Ball, location: 2F
0-1: DOUBLE (Groundball, 5L, EV 102.5 MPH)
Kalidas Mishra scores
Chris Norris to third
Runner from 3rd tries for Home, SAFE, throw by LF to trailing runner, SAFE at third!
Batting: RHB Fekadu Alhaadi 0-0: 2-RUN HOME RUN (Flyball, 7D, EV 100.0 MPH), Distance : 364 ft
Pitching: RHP Francis Cornick
Batting: RHB Robby Hickman 0-0: Ball
1-0: Swinging Strike
1-1: Foul Ball, location: 2F
1-2: Strikes out swinging
Bottom of the 6th over - 4 runs, 3 hits, 0 errors, 0 left on base; Lakewood 0 - Peoria 8
TOP OF THE 7TH
Lakewood BlueClaws batting - Pitching for Peoria Chiefs : RHP Kohsuke Naito
Batting: RHB Vaclav Been 0-0: Called Strike
0-1: Swinging Strike
0-2: Strikes out swinging
Batting: SHB Ben Myers 0-0: Ball
1-0: Called Strike
1-1: Ball
2-1: Called Strike
2-2: Strikes out swinging
Batting: LHB Danny Zuniga 0-0: SINGLE (Line Drive, 34, EV 95.6 MPH)
Batting: SHB Gabe Fraunfelder 0-0: Swinging Strike
0-1: 2-RUN HOME RUN (Flyball, 9D, EV 97.5 MPH), Distance : 352 ft
Batting: RHB Allen Gravel 0-0: Called Strike
0-1: Foul Ball, location: 2F
0-2: Ground out 5-3 (Groundball, 5, EV 80.6 MPH)
Top of the 7th over - 2 runs, 2 hits, 0 errors, 0 left on base; Lakewood 2 - Peoria 8
BOTTOM OF THE 7TH
Peoria Chiefs batting - Pitching for Lakewood BlueClaws : RHP Francis Cornick
Batting: RHB Jose Jimenez 0-0: Foul Ball, location: 2F
0-1: Foul Ball, location: 2F
0-2: Foul Ball, location: 2F
0-2: Ball
1-2: Ball
2-2: Foul Ball, location: 2F
2-2: Ball
3-2: DOUBLE (Line Drive, 5D, EV 94.4 MPH)
Batting: LHB Travis Ruppel 0-0: Ball
1-0: Swinging Strike
1-1: Ball
2-1: Ball
3-1: Base on Balls
Batting: SHB Gerardo Macias 0-0: Called Strike
0-1: Ball
1-1: Swinging Strike
1-2: Strikes out looking
Batting: RHB Kalidas Mishra 0-0: Ball
1-0: Called Strike
1-1: Swinging Strike
1-2: Foul Ball, location: 2F
1-2: Foul Ball, location: 2F
1-2: Grounds into double play, 5-4-3 (Groundball, 56, EV 87.5 MPH)
Bottom of the 7th over - 0 runs, 1 hit, 0 errors, 1 left on base; Lakewood 2 - Peoria 8
TOP OF THE 8TH
Lakewood BlueClaws batting - Pitching for Peoria Chiefs : RHP Kohsuke Naito
Batting: RHB Frank Ramirez 0-0: Ball
1-0: Called Strike
1-1: Ball
2-1: Called Strike
2-2: Ball
3-2: Strikes out looking
Batting: RHB Marcus Dawson 0-0: Swinging Strike
0-1: Ball
1-1: Foul Ball, location: 2F
1-2: Ball
2-2: Strikes out swinging
Batting: RHB Cory Bonham 0-0: Ball
1-0: Ball
2-0: Ball
3-0: Ground out 6-3 (Groundball, 6, EV 80.0 MPH)
Top of the 8th over - 0 runs, 0 hits, 0 errors, 0 left on base; Lakewood 2 - Peoria 8
BOTTOM OF THE 8TH
Peoria Chiefs batting - Pitching for Lakewood BlueClaws : RHP Francis Cornick
Batting: RHB Chris Norris 0-0: Ball
1-0: Ball
2-0: Swinging Strike
2-1: Ball
3-1: Base on Balls
Batting: RHB Tim Jobe 0-0: 2-RUN HOME RUN (Flyball, 78XD, EV 98.8 MPH), Distance : 383 ft
Batting: RHB Tim Cleary 0-0: Ground out 5-3 (Groundball, 56, EV 81.9 MPH)
Batting: RHB Fekadu Alhaadi 0-0: Ball
1-0: SINGLE (Flyball, 34D, EV 92.5 MPH)
Batting: RHB Robby Hickman 0-0: Called Strike
0-1: Ball
1-1: Called Strike
1-2: Fielders Choice at 2nd, 3-6 (Groundball, 3, EV 79.4 MPH)
Pitching: RHP Jeremy Mitchem
Batting: RHB Jose Jimenez 0-0: Called Strike
0-1: Fly out, F9 (Flyball, 89D, EV 106.2 MPH)
Bottom of the 8th over - 2 runs, 2 hits, 0 errors, 1 left on base; Lakewood 2 - Peoria 10
TOP OF THE 9TH
Lakewood BlueClaws batting - Pitching for Peoria Chiefs : RHP Kohsuke Naito
Batting: LHB Eric Farren 0-0: Called Strike
0-1: Foul Ball, location: 2F
0-2: Strikes out looking
Batting: RHB Vaclav Been 0-0: Called Strike
0-1: Ball
1-1: Foul Ball, location: 2F
1-2: Ground out 6-3 (Groundball, 6, EV 101.2 MPH)
Batting: SHB Ben Myers 0-0: Called Strike
0-1: Ball
1-1: Ball
2-1: Ball
3-1: Foul Ball, location: 2F
3-2: Base on Balls
Batting: LHB Danny Zuniga 0-0: Called Strike
0-1: Foul Ball, location: 2F
0-2: Strikes out swinging
Top of the 9th over - 0 runs, 0 hits, 0 errors, 1 left on base; Lakewood 2 - Peoria 10
Thursday, December 15th , 2022 - OOTP Baseball 23.9 Build 102